 Dungeon Crawl Stone Soup version 0.24-a0-333-g864f2b5d03 (webtiles) character file.

Game seed: 4836844592206118466

2756 HAL9000 the Slicer (level 9, -3/42 HPs)
             Began as a Vine Stalker Assassin on May 17, 2019.
             Was a Follower of Dithmenos.
             Slain by a centaur (6 damage)
             ... on level 7 of the Dungeon.
             The game lasted 00:12:45 (7574 turns).

HAL9000 the Slicer (Vine Stalker Assassin)          Turns: 7574, Time: 00:12:46

Health: -3/42      AC:  1    Str: 16    XL:     9   Next: 69%
Magic:  0/10       EV: 11    Int: 12    God:    Dithmenos [*.....]
Gold:   283        SH:  4    Dex: 16    Spells: 8/8 levels left

rFire    . . .     SeeInvis .   t - +2 dagger (elec)
rCold    + . .     Gourm    .   (no shield)
rNeg     . . .     Faith    .   o - +0 leather armour
rPois    .         Spirit   +   y - +1 hat
rElec    .         Reflect  +   c - +0 cloak
rCorr    .         Harm     .   (no gloves)
MR       +....                  (no boots)
Stlth    ++++......             r - +4 amulet of reflection
HPRegen  0.54/turn              x - ring of flight
MPRegen  0.12/turn              A - ring of protection from cold

@: corroded, wreathed by umbra
A: fangs 3, regeneration 1, magic shield, antimagic bite, no potion heal 3, rot
immunity
a: Renounce Religion, Evoke Flight


You were on level 7 of the Dungeon.
You worshipped Dithmenos.
Dithmenos was aware of your devotion.
You were not hungry.

You visited 2 branches of the dungeon, and saw 8 of its levels.

You collected 283 gold pieces.

Inventory:

Hand Weapons
 a - a +2 dagger
 t - a +2 dagger of electrocution (weapon)
Missiles
 d - 9 poisoned darts (quivered)
 p - 11 boomerangs
Armour
 c - a +0 cloak (worn)
 o - a +0 leather armour (worn)
 y - a +1 hat (worn)
Jewellery
 r - a +4 amulet of reflection (around neck)
 x - a ring of flight (left hand)
 A - a ring of protection from cold (right hand)
Wands
 n - a wand of acid (12)
Scrolls
 b - 2 scrolls of immolation {unknown}
 g - a scroll of identify
 h - 5 scrolls of teleportation {unknown}
 k - 2 scrolls of enchant armour
 l - a scroll of amnesia
 m - 2 scrolls of magic mapping {unknown}
 s - 5 scrolls of remove curse {unknown}
 B - a scroll of holy word {unknown}
Potions
 i - a potion of magic
 j - 2 potions of mutation
 q - a potion of lignification
 u - 2 potions of ambrosia
 v - 2 potions of curing
 w - a potion of flight
 z - a potion of heal wounds {unknown}
Comestibles
 f - 11 rations
 C - 5 chunks of flesh


   Skills:
 - Level 1.9 Fighting
 - Level 10.0 Short Blades
 + Level 5.0 Throwing
 - Level 1.2 Dodging
 + Level 7.9 Stealth


You had 8 spell levels left.
You didn't know any spells.
Your spell library contained the following spells:

 Spells                   Type           Power        Failure   Level  Hunger
 Flame Tongue             Conj/Fire      #....        38%         1    ##.....
 Throw Flame              Conj/Fire      #.....       52%         2    ###....
 Conjure Flame            Conj/Fire      #.......     77%         3    ####...
 Inner Flame              Hex/Fire       #.......     77%         3    ####...
 Sticky Flame             Conj/Fire      #.......     99%         4    #####..
 Fireball                 Conj/Fire      #.........   100%        5    ######.


Dungeon Overview and Level Annotations

Branches:
Dungeon (7/15)             Temple (1/1) D:5

Altars:
Ashenzari
Cheibriados
Dithmenos
Fedhas
Gozag
Hepliaklqana
Kikubaaqudgha
Makhleb
Nemelex Xobeh
Okawaru
Qazlal
Ru
Sif Muna
Trog
Uskayaw
Vehumet
Xom
Yredelemnul
Zin
The Shining One


Innate Abilities, Weirdness & Mutations

You have razor-sharp teeth.
Your natural rate of healing is unusually fast.
When hurt, damage is shared between your health and your magic reserves.
Your bite disrupts and absorbs the magic of your enemies.
Potions cannot restore your health.
You are immune to rotting.


Message History

The crimson imp hits you.
* * * LOW HITPOINT WARNING * * *
The giant cockroach misses you.
You see here an arrow.
Unknown command.
The centaur unwields a +0 shortbow.
You block the centaur's attack. The giant cockroach barely misses you.
The crimson imp hits you.
* * * LOW HITPOINT WARNING * * *
You hit the centaur but do no damage. You bite the centaur, but do no damage.
The centaur hits you.
* * * LOW HITPOINT WARNING * * *
The giant cockroach bites you.
* * * LOW HITPOINT WARNING * * *
Unknown command.
Okay, then.
As you read the scroll labeled JOL ACVEKIUR, it crumbles to dust.
It is a scroll of enchant weapon.
Your +1 dagger of electrocution glows red for a moment.
The centaur hits you!
You die...

#>....# ##..## #....## #####
##....# #....######...#
##.....## #.............#
##...#...##
#..####.......###...###...##
#..# #..._...##...##
###..### ##..#
##..........## ##...##
##...# #.......s.## ###..#
....(## #####..@(### ##..
......######...c5o..#####
###
............(.........((#
........(..##.......(......
#<....).####...............
#.....รท## #.###..########.
#.....######.####.#
..#..##..........##
.....##g.##.####.#


You could see a centaur, a crimson imp, an orc and a giant cockroach.

Vanquished Creatures
  A two-headed ogre (D:6)
  A hippogriff (D:7)
  A sky beast (D:6)
  2 orc warriors
  A black bear (D:5)
  An ogre (D:3)
  2 phantoms
  2 bullfrogs
  3 scorpions
  A crimson imp (D:5)
  A bullfrog zombie (D:5)
  A gnoll shaman (D:5)
  3 hounds
  A bullfrog skeleton (D:5)
  4 orc priests (D:6)
  5 orc wizards
  A centaur skeleton (D:7)
  An iguana (D:6)
  8 worker ants
  4 gnolls
  9 adders
  A shadow imp (D:7)
  An adder zombie (D:7)
  2 oozes
  An adder skeleton (D:6)
  3 worms
  A dart slug (D:2)
  A leopard gecko (D:1)
  32 orcs
  A ball python (D:2)
  6 giant cockroaches
  4 goblins
  6 hobgoblins
  7 jackals
  5 quokkas
  5 bats
  A frilled lizard (D:2)
  3 kobolds (D:1)
  A quokka skeleton (D:4)
  7 rats
141 creatures vanquished.

Vanquished Creatures (others)
  2 orc wizards
2 creatures vanquished.

Grand Total: 143 creatures vanquished

Notes
Turn   | Place    | Note
-------+----------+-------------------------------------------
     0 | D:1      | HAL9000 the Vine Stalker Assassin began the quest for the
                  | Orb.
     0 | D:1      | Reached XP level 1. HP: 11/11 MP: 2/2
   153 | D:1      | Reached skill level 5 in Stealth
   491 | D:1      | Reached XP level 2. HP: 15/15 MP: 3/3
   957 | D:1      | Reached skill level 2 in Short Blades
  1172 | D:2      | Reached skill level 1 in Dodging
  1272 | D:2      | Reached XP level 3. HP: 8/18 MP: 2/4
  2181 | D:2      | Gained mutation: Your natural rate of healing is unusually
                  | fast. [Vine Stalker growth]
  2181 | D:2      | Reached XP level 4. HP: 13/23 MP: 5/5
  2282 | D:2      | Reached skill level 3 in Short Blades
  2282 | D:2      | Reached XP level 5. HP: 22/26 MP: 6/6
  2649 | D:3      | Reached skill level 4 in Short Blades
  2890 | D:3      | Found an opulent altar of Gozag.
  3093 | D:4      | Noticed an ogre
  3176 | D:3      | Killed an ogre
  3176 | D:3      | Reached skill level 5 in Short Blades
  3176 | D:3      | Reached XP level 6. HP: 30/30 MP: 7/7
  3663 | D:4      | Found a hide-covered altar of Uskayaw.
  3663 | D:4      | Found a deep blue altar of Sif Muna.
  3680 | D:4      | Found a glowing silver altar of Zin.
  3696 | D:5      | Entered Level 5 of the Dungeon
  3798 | D:5      | Noticed a black bear
  3806 | D:5      | Killed a black bear
  3806 | D:5      | Reached skill level 6 in Short Blades
  3806 | D:5      | Reached XP level 7. HP: 34/34 MP: 8/8
  4108 | D:5      | Reached skill level 7 in Short Blades
  4403 | D:5      | Found a staircase to the Ecumenical Temple.
  4414 | Temple   | Entered the Ecumenical Temple
  4598 | Temple   | Became a worshipper of Dithmenos the Shadowed
  4636 | D:5      | Found a bloodstained altar of Trog.
  5227 | D:6      | You fall through a shaft!
  5234 | D:7      | Gained mutation: You have razor-sharp teeth. [Vine Stalker
                  | growth]
  5234 | D:7      | Reached XP level 8. HP: 39/39 MP: 9/9
  5241 | D:7      | Reached skill level 8 in Short Blades
  5415 | D:6      | Noticed a two-headed ogre
  5626 | D:6      | Killed a two-headed ogre
  5626 | D:6      | Reached skill level 10 in Short Blades
  5626 | D:6      | Reached XP level 9. HP: 18/42 MP: 4/10
  5946 | D:6      | Found a blossoming altar of Fedhas.
  6001 | D:6      | Found a stormy altar of Qazlal.
  6001 | D:6      | Found an opulent altar of Gozag.
  6005 | D:6      | Found a radiant altar of Vehumet.
  6006 | D:6      | Found a glowing golden altar of the Shining One.
  6437 | D:6      | Reached * piety under Dithmenos
  6534 | D:7      | Found a deep blue altar of Sif Muna.
  7502 | D:7      | Reached skill level 5 in Throwing
  7574 | D:7      | Slain by a centaur

Levels and vault maps discovered:
D:1:      co_arrival_random_square_maze, layout_basic, serial_forest,
          infiniplex_forest_clump_tiny, infiniplex_forest_diagonal,
          infiniplex_forest_lined_4_way, infiniplex_forest_clump_small,
          infiniplex_forest_corner_1, infiniplex_forest_clump_diagonal,
          infiniplex_forest_lined_3_way
D:2:      minmay_chambers_of_twos, layout_basic, first_ration, minivault_26
D:3:      layout_basic, grunt_decor_one_mirror, grunt_gozag_statues
D:4:      layout_rooms, gammafunk_temple_overflow_wave, kennysheep_mini_moat,
          grunt_ministairs_9
D:5:      minmay_angry_zag, layout_basic, minmay_temple_entry_hall, bloody_trog
D:6:      layout_gridville, minitemple
D:7:      minmay_thinvault, layout_layer_cave, enter_bailey_8, basic_altar
Temple:   minmay_temple_bridge_abc

Skill      XL: |  1  2  3  4  5  6  7  8  9 |
---------------+----------------------------+-----
Throwing       | 2 5 |  5.0
Stealth        | 5 7 |  7.9
Short Blades   | 2 3 5 6 7 10 | 10.0
Dodging        | 1 |  1.2
Fighting       | |  1.9

Action                   |  1- 3 |  4- 6 |  7- 9 || total
-------------------------+-------+-------+-------++-------
Melee: Dagger            |    91 |   124 |   390 ||   605
       Bite              |    25 |    34 |   114 ||   173
Throw: Dart              |     7 |     9 |    25 ||    41
       Boomerang         |       |       |    13 ||    13
Evoke: Wand              |       |     1 |     1 ||     2
  Use: Potion            |     2 |       |       ||     2
       Scroll            |       |       |     9 ||     9
 Stab: Sleeping          |     6 |    14 |     7 ||    27
  Eat: Chunk             |     3 |     3 |    12 ||    18
       Ration            |       |     1 |       ||     1
Armor: Robe              |    34 |    10 |       ||    44
       Leather armour    |       |     7 |    61 ||    68
Dodge: Dodged            |    63 |    50 |   161 ||   274
Block: Other             |       |     6 |    47 ||    53
       Reflection        |       |       |     1 ||     1

Table legend:
 A = Non-vault XP
 B = Vault XP
 C = Vault XP percentage of total XP
 D = Non-vault monster count
 E = Vault monster count
 F = Vault count percentage of total count
                 A         B        C        D         E       F
            +---------+---------+-------+---------+---------+-------
      Total |    3447 |     491 |  12.5 |     129 |      14 |   9.8
            +---------+---------+-------+---------+---------+-------
        D:1 |      27 |       0 |   0.0 |      14 |       0 |   0.0
        D:2 |      93 |      97 |  51.1 |      24 |       7 |  22.6
        D:3 |     151 |       0 |   0.0 |      10 |       0 |   0.0
        D:4 |     118 |      13 |   9.9 |       7 |       1 |  12.5
        D:5 |     506 |     179 |  26.1 |      16 |       4 |  20.0
        D:6 |    2008 |       0 |   0.0 |      35 |       0 |   0.0
        D:7 |     544 |     202 |  27.1 |      23 |       2 |   8.0
            +---------+---------+-------+---------+---------+-------
